 Dungeon Crawl Stone Soup version 0.16.0-18-g484a79e (webtiles) character file.

89546 inmateoo the Martial Artist (level 15, -2/103 HPs)
             Began as an Octopode Transmuter on Mar 23, 2015.
             Was the Champion of Cheibriados.
             Slain by a skeletal warrior
             ... wielding a +0 trident
              (23 damage)
             ... on level 15 of the Dungeon.
             The game lasted 01:10:20 (32327 turns).

inmateoo the Martial Artist (Octopode Transmuter)  Turns: 32327, Time: 01:10:20

Health: -2/103     AC:  5    Str: 29    XL:     15   Next: 97%
Magic:  32/33      EV: 29    Int: 31    God:    Cheibriados [******]
Gold:   812        SH:  0    Dex: 33    Spells: 7 memorised, 13 levels left

rFire  + . .     SeeInvis +       - Unarmed
rCold  + . .     Clarity  +     (shield currently unavailable)
rNeg   . . .     SustAb   +     A - +2 hat {rF+}
rPois  .         Gourm    .     C - amulet "Footwyd" {+Rage Str+2 SInv}
rElec  .         Spirit   .     e - ring of stealth
rCorr  .         Warding  .     p - ring of sustain abilities
rMut   .         Stasis   .     x - ring of wizardry
MR     ++...                    G - +3 ring of evasion (curse)
Stlth  ++++++++..               (no ring)
                                (no ring)
                                (no ring)
                                (no ring)

@: blade tentacles, very slow, very resistant to hostile enchantments,
extraordinarily stealthy
A: almost no armour, amphibious, 8 rings, constrict 8, slimy green scales 1,
camouflage 1, clarity, cold resistance 1, magic resistance 1, strong 1,
gelatinous body 1
a: End Transformation, Bend Time, Temporal Distortion, Slouch, Step From Time,
Renounce Religion, Evoke Berserk Rage


You were on level 15 of the Dungeon.
You worshipped Cheibriados.
Cheibriados was exalted by your worship.
You were not hungry.
You had blades for tentacles.
You visited 3 branches of the dungeon, and saw 27 of its levels.
You also visited: Ice Cave and Volcano.

You collected 3177 gold pieces.
You spent 1432 gold pieces at shops.

Inventory:

Missiles
 b - 283 arrows
 q - 17 arrows of frost
Armour
 h - a +2 shield of fire resistance
 A - a +2 hat of fire resistance (worn)
Jewellery
 e - a ring of stealth (left scythe-like blade)
 i - a cursed amulet of clarity
 p - a ring of sustain abilities (right scythe-like blade)
 x - a ring of wizardry (on tentacle)
 C - the amulet "Footwyd" (around mantle) {+Rage Str+2 SInv}
   (You found it on level 9 of the Dungeon)

   [amulet of rage]

   It affects your strength (+2).
   It enhances your eyesight.
   It lets you go berserk.
 G - a cursed +3 ring of evasion (on tentacle)
 K - an uncursed ring of ice
 N - an uncursed amulet of resist mutation
Magical devices
 d - a wand of frost (24)
 u - a wand of digging (11)
 z - a wand of digging (6)
 D - a wand of cold (10)
 F - a wand of flame (29)
 I - a wand of teleportation (2)
 L - a wand of fire (5)
 U - a wand of disintegration (14)
Scrolls
 g - 12 scrolls of remove curse
 k - 5 scrolls of identify
 s - 10 scrolls of teleportation
 y - 6 scrolls of recharging
 H - a scroll of silence
 M - a scroll of magic mapping
 P - a scroll of holy word
 Q - 3 scrolls of blinking
 R - 3 scrolls of enchant armour
 T - 2 scrolls of amnesia
Potions
 c - 4 potions of magic
 l - a potion of resistance
 r - 10 potions of curing
 v - 5 potions of restore abilities
 w - 4 potions of brilliance
 E - 5 potions of might
 J - 7 potions of flight
 O - 2 potions of agility
 Y - a potion of cure mutation
Books
 B - the Papyrus of Supportive Bewitchment
   (You acquired it on level 6 of the Dungeon)

   Spells                             Type                      Level
   a - Summon Small Mammal            Summoning                    1
   b - Sure Blade                     Hexes/Charms                 2
   c - Dazzling Spray                 Conjuration/Hexes            3
   d - Cause Fear                     Hexes                        4
   e - Summon Lightning Spire         Summoning/Air                4
   f - Monstrous Menagerie            Summoning                    6
 X - a book of Fire

   Spells                             Type                      Level
   a - Ignite Poison                  Fire/Transmutation           5
   b - Fireball                       Conjuration/Fire             5
   c - Bolt of Fire                   Conjuration/Fire             6
   d - Delayed Fireball               Conjuration/Fire             7
   e - Ring of Flames                 Charms/Fire                  7
 Z - a book of the Tempests

   Spells                             Type                      Level
   a - Static Discharge               Conjuration/Air              3
   b - Lightning Bolt                 Conjuration/Air              5
   c - Fireball                       Conjuration/Fire             5
   d - Tornado                        Air                          9
   e - Shatter                        Earth                        9
Miscellaneous
 m - a lamp of fire
Comestibles
 a - 14 bread rations
 f - 12 beef jerkies
 j - 27 fruits
 n - 7 meat rations
 t - a slice of pizza


   Skills:
 + Level 10.1 Fighting
 - Level 10.4 Dodging
 - Level 10.1 Stealth
 - Level 14.0 Unarmed Combat
 + Level 10.9 Spellcasting
 + Level 5.3 Hexes
 - Level 11.5 Transmutations
 - Level 4.5 Ice Magic
 - Level 7.1 Invocations


You had 13 spell levels left.
You knew the following spells:

 Your Spells              Type           Power        Failure   Level  Hunger
a - Beastly Appendage     Trmt           ######       1%          1    None
b - Sticks to Snakes      Trmt           ######....   2%          2    None
c - Spider Form           Trmt/Pois      ######....   6%          3    None
d - Ice Form              Ice/Trmt       ######..     7%          4    None
e - Blade Hands           Trmt           ######....   6%          5    ###....
f - Invisibility          Hex            #####...     58%         6    #####..
g - Apportation           Tloc           ###.......   12%         1    None


Dungeon Overview and Level Annotations

Branches:
Dungeon (15/15)            Temple (0/1) D:5            Lair (8/8) D:9
 Shoals (0/5) Lair:6       Spider (0/5) Lair:4        Slime (0/6) Lair:6
    Orc (4/4) D:9             Elf (0/3) Orc:3        Vaults (0/5) D:13
 Depths (0/5) D:15

Altars:
Ashenzari
Cheibriados
Elyvilon
Makhleb
Nemelex Xobeh
Sif Muna
Trog
Vehumet
Xom
Zin
The Shining One
Beogh

Shops:
D:5 [   D:6 *??   D:9 }*[(!   Orc:4 [:([*


Innate Abilities, Weirdness & Mutations

You cannot wear most types of armour.
You are amphibious.
You can wear up to eight rings at the same time.
You can use your tentacles to constrict many enemies at once.
Your skin changes colour to match your surroundings (Stealth).
Your rubbery body absorbs attacks (AC +1).
You are partially covered in slimy green scales (AC +2).
You possess an exceptional clarity of mind.
Your flesh is cold resistant.
You are resistant to hostile enchantments.
Your muscles are strong. (Str +2)


Message History

Cheibriados appreciates the change of pace.
The skeletal warrior hits you from afar with a trident!!
Unknown command.
You shred the shadow dragon zombie!!!!
The shadow dragon zombie bites you but does no damage.
The shadow dragon zombie misses you. The shadow dragon zombie claws you.
The skeletal warrior hits you from afar with a trident!
* * * LOW HITPOINT WARNING * * *
Unknown command.
Drink which item? (? for menu, Esc to quit)
You feel much better.
Yxiolapi hits the skeletal warrior from afar with a trident of freezing!
The shadow dragon zombie bites you!
* * * LOW HITPOINT WARNING * * *
The shadow dragon zombie claws you.
* * * LOW HITPOINT WARNING * * *
The shadow dragon zombie claws you.
* * * LOW HITPOINT WARNING * * *
The skeletal warrior hits you from afar with a trident!!
You die...

....# .8P ....#
.8.....P. ....#
8..........
.†.##
.88..Z......#
...#
.........P...#
#...#
.P...>...P...#
##..#
......z...8..#
#.#
.......P..Z...#
#.
...P.8.Pm@..P.#
#.P...8...8P..#
.#.8...[)....##
#..#..P.....P##
#..####.#####
#.# #..#
#.##.## #)..#
#..#########


You could see a skeletal warrior, a shadow dragon zombie, a yaktaur skeleton and
the friendly Yxiolapi the merfolk impaler.

Vanquished Creatures
  Kirke (D:14)
  A frost giant (IceCv)
  A merfolk impaler (Orc:4)
  A dire elephant (Lair:8)
  A fire dragon (D:15)
  Fannar (D:12)
  Harold (D:12)
  A hydra (Lair:5)
  Nessos (D:15)
  2 centaur warriors
  A vampire mage (D:15)
  2 death yaks (Lair:6)
  The ghost of inmateoo the Arsonist, an experienced HuFE of Cheibriados (D:8)
  A skeletal warrior (D:15)
  An ice statue (IceCv)
  2 unseen horrors
  An orc knight (Orc:4)
  The ghost of inmateoo the Transmogrifier, an experienced OpTm of Makhleb (D:7)
  A lindwurm (Volcano)
  A necromancer (D:15)
  2 hill giants
  4 ugly things
  A frost giant zombie (D:15)
  An orc sorcerer (Orc:4)
  A manticore (D:11)
  A rust devil (D:14)
  A centaur zombie (D:14)
  8 elephants
  2 black mambas
  A molten gargoyle (Volcano)
  2 gargoyles
  A torpor snail (Lair:7)
  2 kobold demonologists (D:14)
  3 spiny frogs
  Psyche (Orc:2)
  5 komodo dragons
  A fire drake (Lair:6)
  A freezing wraith (D:14)
  2 trolls
  A two-headed ogre (D:14)
  14 polar bears
  7 blink frogs
  A basilisk (D:14)
  26 yaks
  An ettin skeleton (D:15)
  A trapdoor spider (D:14)
  A redback (shapeshifter) (D:15)
  2 wyverns
  4 hippogriffs
  Eustachio (D:5)
  7 humans (D:13)
  3 shadows
  4 fire bats (Volcano)
  A hog (D:14)
  2 steam dragons
  6 water moccasins
  2 wraiths
  4 mottled dragons
  Edmund (D:7)
  A warg (Orc:1)
  10 soldier ants (D:11)
  19 wolves
  14 orc warriors
  A hell hound (Volcano)
  3 porcupines
  6 ice beasts
  2 phantoms (D:9)
  3 sky beasts
  2 black bears
  9 ogres
  2 wasps
  4 crocodiles
  7 centaurs
  Sigmund (D:3)
  2 big kobolds
  Blork the orc (D:6)
  16 giant frogs
  A scorpion (D:9)
  9 killer bees
  3 wights (D:14)
  2 quasits
  A lava snake (Volcano)
  3 centaur skeletons
  4 crimson imps
  7 jellies
  A giant frog zombie (D:7)
  9 orc priests
  9 hounds
  A giant frog skeleton (D:13)
  19 orc wizards
  27 worker ants
  14 iguanas
  Jessica (D:2)
  A mummy (D:13)
  A gnoll (Orc:2)
  22 river rats
  14 adders
  A giant mite (D:9)
  2 worms
  A shadow imp (D:8)
  4 adder skeletons
  8 giant geckos
  2 oozes
  101 orcs
  A ball python (D:1)
  24 bats
  A bat skeleton (D:5)
  15 hobgoblins
  9 jackals
  7 quokkas
  4 giant cockroaches
  2 giant gecko skeletons
  A giant gecko zombie (D:6)
  6 giant newts
  A giant spore (D:8)
  21 goblins
  A jackal skeleton (D:5)
  13 kobolds
  22 rats
  2 ballistomycetes
  A plant (Lair:8)
654 creatures vanquished.

Vanquished Creatures (collateral kills)
  An orc warlord (Orc:4)
  The ghost of zkyp the Eclecticist, a powerful DECj of Vehumet (Orc:4)
  The ghost of Gigax the Black Belt, a powerful OpFi of Okawaru (Orc:4)
  4 dire elephants (Lair:8)
  A vault guard (D:13)
  3 hydras
  An anaconda (Lair:8)
  3 centaur warriors
  3 death yaks
  An orc high priest (Orc:4)
  A soul eater (Orc:4)
  3 skeletal warriors (D:13)
  4 hill giants
  3 orc knights (Orc:4)
  2 wizards (D:13)
  2 necromancers (D:13)
  5 ugly things
  2 orc sorcerers (Orc:4)
  6 black mambas
  16 elephants
  2 centaur zombies
  2 centaur skeletons
  A gargoyle (D:13)
  A torpor snail (Lair:8)
  A queen ant (D:11)
  7 spiny frogs
  2 kobold demonologists (D:14)
  A fire drake (Lair:8)
  5 komodo dragons
  A merfolk (Lair:6)
  2 trolls
  A two-headed ogre (Orc:4)
  2 polar bears
  A jumping spider (shapeshifter) (D:13)
  16 blink frogs
  A boulder beetle (Lair:8)
  A deep elf mage (D:13)
  4 basilisks
  5 hogs (D:14)
  2 spriggans (Lair:3)
  6 hippogriffs
  12 humans (D:13)
  50 yaks
  A hungry ghost (D:13)
  10 soldier ants (D:11)
  11 wolves
  9 water moccasins
  A mottled dragon (D:10)
  A warg (Orc:4)
  6 porcupines
  A sky beast (D:13)
  2 phantoms
  18 orc warriors
  4 ice beasts (D:12)
  9 ogres
  2 black bears
  4 centaurs
  8 giant frogs
  13 crocodiles
  A wyvern skeleton (D:14)
  9 killer bees
  2 wights (D:14)
  5 crimson imps
  A jelly (D:12)
  3 hounds
  A human zombie (D:13)
  8 worker ants
  2 quasits
  18 orc wizards
  14 orc priests
  A giant frog skeleton (D:13)
  4 iguanas
  20 sheep
  5 adders
  A gnoll (Orc:2)
  70 river rats
  85 orcs
  A bat (D:10)
  6 goblins
  2 jackals (D:10)
  5 quokkas
  A giant spore (D:13)
  2 kobolds (D:8)
  4 ballistomycetes
  A fungus (Lair:6)
  4 plants (Lair:8)
565 creatures vanquished.

Vanquished Creatures (others)
  A merfolk impaler (Orc:4)
  An orc (D:5)
  2 giant spores
  A kobold (D:5)
  4 fungi
  3 plants
12 creatures vanquished.

Grand Total: 1231 creatures vanquished

Notes
Turn   | Place    | Note
--------------------------------------------------------------
     0 | D:1      | inmateoo, the Octopode Transmuter, began the quest for the Orb.
     0 | D:1      | Reached XP level 1. HP: 13/13 MP: 3/3
   287 | D:1      | Reached XP level 2. HP: 18/18 MP: 2/4
   421 | D:1      | Learned a level 2 spell: Sticks to Snakes
  1107 | D:2      | Reached XP level 3. HP: 23/23 MP: 4/6
  1118 | D:2      | Found a burning altar of Makhleb.
  1120 | D:2      | Found a glowing silver altar of Zin.
  1120 | D:2      | Noticed an angel
  1120 | D:2      | Noticed an Executioner
  1728 | D:2      | Reached XP level 4. HP: 28/28 MP: 8/8
  1962 | D:2      | Reached skill level 4 in Transmutations
  2346 | D:2      | Reached XP level 5. HP: 18/33 MP: 8/11
  2363 | D:2      | Learned a level 3 spell: Spider Form
  2423 | D:2      | Learned a level 4 spell: Ice Form
  3337 | D:3      | Noticed Jessica
  3348 | D:2      | Killed Jessica
  3995 | D:3      | Reached skill level 1 in Ice Magic
  4827 | D:3      | Reached XP level 6. HP: 32/38 MP: 13/13
  4909 | D:3      | Noticed Sigmund
  5013 | D:3      | Found a sparkling altar of Nemelex Xobeh.
  5032 | D:3      | Killed Sigmund
  5032 | D:3      | Reached skill level 5 in Transmutations
  5298 | D:4      | Found a radiant altar of Vehumet.
  5463 | D:4      | Reached XP level 7. HP: 18/43 MP: 10/15
  5837 | D:4      | Found a snail-covered altar of Cheibriados.
  5846 | D:4      | Became a worshipper of Cheibriados the Contemplative
  6192 | D:5      | Entered Level 5 of the Dungeon
  6354 | D:5      | Found Xin Usaj's Armour Emporium.
  6379 | D:5      | Noticed an angel
  6478 | D:5      | Found a shimmering altar of Xom.
  6487 | D:5      | Acquired Cheibriados' first power
  6524 | D:5      | Reached skill level 6 in Transmutations
  6701 | D:5      | Found a staircase to the Ecumenical Temple.
  6732 | D:5      | Noticed Eustachio
  6752 | D:5      | Killed Eustachio
  6752 | D:5      | Reached XP level 8. HP: 36/48 MP: 15/18
  6872 | D:5      | Found a shattered altar of Ashenzari.
  6942 | D:5      | Reached skill level 5 in Unarmed Combat
  7122 | D:5      | Noticed a rust devil
  7404 | D:6      | Found Igeuc's Magic Scroll Shoppe.
  7468 | D:6      | Found a white marble altar of Elyvilon.
  7592 | D:6      | Learned a level 5 spell: Blade Hands
  7711 | D:6      | Found Taona's General Store.
  7721 | D:6      | Bought a potion of heal wounds for 65 gold pieces
  7960 | D:6      | Noticed Blork the orc
  7965 | D:6      | Killed Blork the orc
  8019 | D:6      | Found Omoaniong's Magic Scroll Boutique.
  8302 | D:6      | Bought a scroll of identify for 26 gold pieces
  8302 | D:6      | Bought a scroll of identify for 26 gold pieces
  8388 | D:7      | Reached skill level 7 in Transmutations
  8392 | D:7      | Reached XP level 9. HP: 53/53 MP: 16/20
  8637 | D:7      | Noticed inmateoo's ghost (experienced OpTm)
  8647 | D:7      | Killed inmateoo's ghost
  8647 | D:7      | Reached skill level 5 in Spellcasting
  8812 | D:7      | Acquired Cheibriados' second power
  8856 | D:7      | Noticed Edmund
  8871 | D:7      | Killed Edmund
  9398 | D:7      | Reached skill level 8 in Transmutations
  9567 | D:7      | Found a deep blue altar of Sif Muna.
  9588 | D:7      | Identified Sif Muna's Guide on the Compass (You found it on level 7 of the Dungeon)
 10166 | D:7      | Acquired Cheibriados' third power
 10419 | D:8      | Noticed inmateoo's ghost (experienced HuFE)
 10633 | D:7      | You fall through a shaft!
 10668 | D:9      | Reached skill level 5 in Dodging
 10668 | D:9      | Reached XP level 10. HP: 58/58 MP: 19/23
 10712 | D:9      | Noticed a komodo dragon
 10722 | D:9      | Killed a komodo dragon
 10893 | D:9      | Noticed a komodo dragon
 10904 | D:9      | Killed a komodo dragon
 10940 | D:9      | Found a staircase to the Lair.
 11089 | D:9      | Noticed a komodo dragon
 11098 | D:9      | Killed a komodo dragon
 11098 | D:9      | Reached skill level 9 in Transmutations
 11471 | D:9      | Found Onic's Gadget Emporium.
 11504 | D:9      | Acquired Cheibriados' fourth power
 11538 | D:9      | Found Ceaqo's Armour Boutique.
 11540 | D:9      | Found a staircase to the Orcish Mines.
 11785 | D:9      | Found Haleinil's Weapon Boutique.
 11798 | D:9      | Found Khuwk's Distillery.
 11841 | D:9      | Bought a potion of mutation for 30 gold pieces
 11845 | D:9      | Gained mutation: You possess an exceptional clarity of mind. [potion of mutation]
 11845 | D:9      | Gained mutation: You are partially covered in slimy green scales (AC +2). [potion of mutation]
 11845 | D:9      | Gained mutation: Your flesh is cold resistant. [potion of mutation]
 11959 | D:9      | Got a transparent ruby amulet
 12153 | D:9      | Hired Yxiolapi the merfolk for 297 gold.
 12291 | D:9      | Found Suramen's General Store.
 12564 | D:8      | Identified the amulet "Footwyd" {+Rage Str+2 SInv} (You found it on level 9 of the Dungeon)
 12638 | D:8      | Noticed an unseen horror
 12679 | D:8      | Killed an unseen horror
 12709 | D:8      | Killed inmateoo's ghost
 13253 | D:8      | Found a glowing golden altar of the Shining One.
 13253 | D:8      | Found a bloodstained altar of Trog.
 13398 | D:8      | Reached XP level 11. HP: 66/66 MP: 20/25
 13501 | D:10     | Entered Level 10 of the Dungeon
 13664 | D:10     | Reached skill level 10 in Transmutations
 14563 | D:11     | Found a shimmering altar of Xom.
 14939 | D:11     | Reached skill level 10 in Unarmed Combat
 15094 | D:11     | Noticed a hill giant
 15098 | D:11     | Killed a hill giant
 15267 | D:11     | Reached XP level 12. HP: 65/75 MP: 23/27
 15285 | D:11     | Noticed a hill giant
 15288 | D:11     | Killed a hill giant
 15288 | D:11     | Reached skill level 11 in Transmutations
 15377 | D:11     | Noticed a hill giant
 15381 | D:11     | Killed a hill giant
 15814 | D:12     | Found a frozen archway.
 15837 | IceCv    | Entered an ice cave
 15847 | IceCv    | Reached skill level 5 in Fighting
 16053 | IceCv    | Reached skill level 1 in Stealth
 16073 | IceCv    | Reached skill level 1 in Invocations
 16408 | IceCv    | Gained mutation: You are resistant to hostile enchantments. [potion of beneficial mutation]
 16504 | IceCv    | Noticed a frost giant
 17044 | IceCv    | Killed a frost giant
 17520 | D:12     | Noticed a seven-headed hydra
 17525 | D:12     | Killed a seven-headed hydra
 17525 | D:12     | Reached XP level 13. HP: 74/83 MP: 24/29
 17599 | D:12     | Noticed Fannar
 17608 | D:12     | Killed Fannar
 17675 | D:12     | Reached skill level 5 in Stealth
 17727 | D:12     | Noticed Harold
 17738 | D:12     | Killed Harold
 18219 | D:13     | Hired Throrrij the merfolk for 315 gold.
 18614 | D:13     | Reached skill level 12 in Unarmed Combat
 18630 | D:13     | Noticed a vault guard
 18632 | D:13     | Killed a vault guard
 18635 | D:13     | Found a gate to the Vaults.
 18704 | D:13     | Identified 2 scrolls of acquirement
 18713 | D:13     | Got a warped buckler
 18719 | D:13     | Identified the +0 buckler "Preama" {rPois rC- Regen+ Dex-4 SInv} (You acquired it on level 13 of the Dungeon)
 19999 | Lair:1   | Entered Level 1 of the Lair of Beasts
 20044 | Lair:1   | Reached skill level 5 in Invocations
 20849 | Lair:1   | Learned a level 6 spell: Invisibility
 20851 | Lair:1   | Learned a level 1 spell: Apportation
 20941 | Lair:1   | Drew Focus: Dex increased to 17, Str decreased to 10
 20942 | Lair:1   | Hired Foefol the merfolk for 321 gold.
 22616 | Lair:4   | Reached XP level 14. HP: 83/92 MP: 30/30
 22903 | Lair:4   | Found a hole to the Spider Nest.
 23847 | Lair:5   | Reached skill level 13 in Unarmed Combat
 23896 | Lair:6   | Found a staircase to the Slime Pits.
 24361 | Lair:6   | Found a staircase to the Shoals.
 25188 | Lair:7   | Reached skill level 10 in Dodging
 25331 | Lair:8   | Entered Level 8 of the Lair of Beasts
 25494 | Lair:8   | Found a dark tunnel.
 25499 | Volcano  | Entered a volcano
 25703 | Volcano  | Found a burning altar of Makhleb.
 26089 | Lair:8   | Reached skill level 1 in Hexes
 26089 | Lair:8   | Reached XP level 15. HP: 99/99 MP: 32/32
 26330 | Lair:8   | Gained mutation: Your muscles are strong. (Str +2) [potion of beneficial mutation]
 27028 | Lair:8   | Reached skill level 10 in Stealth
 27649 | Orc:1    | Entered Level 1 of the Orcish Mines
 28015 | Orc:2    | Reached skill level 14 in Unarmed Combat
 28110 | Orc:2    | Noticed Psyche
 28118 | Orc:2    | Killed Psyche
 28872 | Orc:3    | Found a staircase to the Elven Halls.
 29203 | Orc:4    | Entered Level 4 of the Orcish Mines
 29213 | Orc:4    | Found Dagug's Antique Armour Shop.
 29232 | Orc:4    | Noticed zkyp's ghost (powerful DECj)
 29235 | Orc:4    | Killed zkyp's ghost
 29456 | Orc:4    | Found a roughly hewn altar of Beogh.
 29460 | Orc:4    | Reached skill level 10 in Spellcasting
 29464 | Orc:4    | Noticed Gigax's ghost (powerful OpFi)
 29470 | Orc:4    | Your ally Throrrij died
 29473 | Orc:4    | Your ally Foefol died
 30189 | Orc:4    | Killed Gigax's ghost
 30195 | Orc:4    | Found a roughly hewn altar of Beogh.
 30235 | Orc:4    | Found a glowing silver altar of Zin.
 30502 | Orc:4    | Found Vaufew's General Store.
 30534 | Orc:4    | Found Thoeruer's Book Shoppe.
 30597 | Orc:4    | Found Ysithaez's Antique Armour Shoppe.
 30661 | Orc:4    | Found Etarrif's Antique Weapon Shoppe.
 30829 | D:6      | Bought a scroll of acquirement for 520 gold pieces
 30829 | D:6      | Bought a scroll of teleportation for 30 gold pieces
 30829 | D:6      | Bought a scroll of identify for 20 gold pieces
 30830 | D:6      | Identified the Papyrus of Supportive Bewitchment (You acquired it on level 6 of the Dungeon)
 30858 | D:6      | Bought a scroll of acquirement for 676 gold pieces
 30858 | D:6      | Bought a scroll of teleportation for 39 gold pieces
 31140 | D:14     | Noticed Kirke
 31155 | D:14     | Killed Kirke
 31751 | D:15     | Entered Level 15 of the Dungeon
 31878 | D:15     | Noticed Nessos
 31883 | D:15     | Killed Nessos
 31934 | D:15     | Reached skill level 10 in Fighting
 32262 | D:15     | Reached skill level 5 in Hexes
 32305 | D:15     | Found a staircase to the Depths.
 32327 | D:15     | Slain by a skeletal warrior

Action                   |  1- 3 |  4- 6 |  7- 9 | 10-12 | 13-15 || total
-------------------------+-------+-------+-------+-------+-------++-------
Melee: Unarmed           |    84 |   205 |   275 |   456 |   689 ||  1709
 Cast: Beastly Appendage |    15 |    21 |       |     1 |       ||    37
       Spider Form       |       |     2 |    10 |       |       ||    12
       Ice Form          |       |     1 |    20 |    41 |    13 ||    75
       Blade Hands       |       |       |     1 |     1 |    11 ||    13
       Sticks to Snakes  |       |       |       |     2 |       ||     2
       Invisibility      |       |       |       |       |     2 ||     2
Invok: Slouch            |       |       |       |       |     1 ||     1
Evoke: Deck              |       |       |       |     2 |    19 ||    21
       Wand              |       |       |       |       |     2 ||     2
       Lamp of fire      |       |       |       |       |     1 ||     1
  Use: Potion            |       |     1 |     5 |     6 |     8 ||    20
       Scroll            |       |     9 |     8 |    13 |    19 ||    49
 Stab: Sleeping          |     2 |    11 |    11 |    13 |    99 ||   136
       Distracted        |       |     1 |     1 |     4 |    24 ||    30
       Invisible         |       |       |       |     4 |     4 ||     8
       Fleeing           |       |       |       |     2 |       ||     2
  Eat: Chunk             |     3 |    11 |    17 |    14 |    19 ||    64
       Pizza             |       |       |       |     2 |     1 ||     3
       Royal jelly       |       |       |       |     1 |     2 ||     3
       Meat ration       |       |       |       |       |     2 ||     2
       Fruit             |       |       |       |       |     1 ||     1
